AoeStats
← q.sonner

Arabia

509434615Analyzed
1v1 RM · 6d ago on Sep 26, 2026· 44m 45s· 2 players
Game mode
Random Map
Map size
Tiny (2 player)
Population
200
Speed
Normal
Resources
Standard
Victory
Conquest
Starting age
Dark Age
Ending age
Imperial Age
RankedLock teamsTeams togetherTeam positionsShared explorationLock speedFull tech treeHidden civsTurbo modeCheats
Victory
Defeat
🇬🇧 Japanese · United Kingdom
521
+15
🇩🇪 Teutons · Germany
490
-15
q.sonner
11:38 Feudal Age
19:49 Castle Age
21:51 Scale Barding Armor
26:42 Chain Barding Armor
28:07 Double-Bit Axe
35:29 Bloodlines
Yido4eva
11:23 Feudal Age
12:23 Man-at-Arms
14:11 Horse Collar
14:47 Double-Bit Axe
17:10 Forging
19:41 Scale Mail Armor
23:28 Castle Age
23:45 Long Swordsman
26:33 Iron Casting
26:15 Chain Mail Armor
27:25 Arson
27:44 Squires
Connection lost

Rejoining the realm…

Still unreachable

The connection could not be restored.

Session expired

The server has moved on; the page needs a fresh start.